 Dungeon Crawl Stone Soup version 0.27-a0-1219-g958d993ae5 (webtiles) character file.

Game seed: 1381038180213025294

226 Armakuni the Firebug (level 5, -8/29 HPs)
             Began as a Deep Elf Wanderer on June 6, 2021.
             Mangled by Edmund
             ... wielding a +3 flail of distortion
              (23 damage)
             ... on level 4 of the Dungeon.
             The game lasted 00:10:35 (2524 turns).

Armakuni the Firebug (Deep Elf Wanderer)            Turns: 2524, Time: 00:10:36

Health: -8/29      AC:  3    Str: 11    XL:     5   Next: 69%
Magic:  7/11       EV: 11    Int: 16    God:
Gold:   175        SH:  0    Dex: 14    Spells: 0/10 levels left

rFire    . . .     SeeInvis .   a - +2 short sword (elec)
rCold    . . .     Faith    .   (no shield)
rNeg     . . .     Spirit   .   e - +1 robe
rPois    .         Reflect  .   (no helmet)
rElec    .         Harm     .   (no cloak)
rCorr    .         Rampage  .   (no gloves)
Will     +....                  (no boots)
Stlth    ++........             R - amulet of regeneration
HPRegen  1.09/turn              W - ring of willpower
MPRegen  0.12/turn              (no ring)

@: no status effects
A: no striking features
a: no special abilities


You were on level 4 of the Dungeon.
You visited 1 branch of the dungeon, and saw 4 of its levels.

You collected 175 gold pieces.

Inventory:

Hand Weapons
 a - a +2 short sword of electrocution (weapon)
Missiles
 c - 29 poisoned darts
Armour
 e - a +1 robe (worn)
 f - a +0 ring mail
Magical Staves
 g - a staff of death
Jewellery
 k - an amulet of guardian spirit
 R - an amulet of regeneration (around neck)
 W - a ring of willpower (left hand)
Potions
 b - a potion of haste
 d - a potion of heal wounds
 h - a potion of might {unknown}
 i - a potion of mutation {unknown}
 l - a potion of invisibility {unknown}
 m - a potion of curing {unknown}


   Skills:
 - Level 1.0 Fighting
 - Level 1.2 Short Blades
 - Level 1.0 Throwing
 - Level 1.2 Stealth
 - Level 3.0 Spellcasting
 + Level 4.5 Conjurations
 + Level 4.6 Fire Magic
 - Level 3.2 Poison Magic


You couldn't memorise any spells.
You knew the following spells:

 Your Spells              Type           Power      Damage    Failure   Level
f - Fireball              Conj/Fire      8%         3d6       61%         5
s - Sticky Flame          Conj/Fire      17%        2d4       28%         4
z - Foxfire               Conj/Fire      68%        2x1d7     2%          1

Your spell library contained the following spells:

 Spells                   Type           Power      Damage    Failure   Level
 Shock                    Conj/Air       36%        1d5       8%          1
 Conjure Flame            Conj/Fire      17%        6-21      9%          3
 Sting                    Tmut/Pois      28%        1d4       10%         1
 Static Discharge         Conj/Air       9%         N/A       11%         2
 Ignite Poison            Fire/Tmut/Pois 10%        N/A       19%         3
 Inner Flame              Hex/Fire       9%         N/A       22%         3
 Swiftness                Air            2%         N/A       50%         3
 Airstrike                Air            1%         N/A       88%         4
 Lightning Bolt           Conj/Air       4%         1d16      90%         5


Dungeon Overview and Level Annotations

Branches:
Dungeon (4/15)
 Temple: D:4-7

Altars:
Sif Muna

Annotations:
D:4 Edmund


Message History

Edmund the Younger comes into view.
He is wielding a +3 flail of distortion.
Casting: Foxfire (safe; 2% risk of failure)
Press: ? - help, Q - select action, (/) - cycle Dir - look around, f - activate You miscast Foxfire.
You are very lightly contaminated with residual magic.
Nothing appears to happen.
Casting: Foxfire (safe; 2% risk of failure)
Press: ? - help, Q - select action, (/) - cycle Dir - look around, f - activate You conjure some foxfire!
The foxfire hits Edmund but does no damage.
The foxfire hits Edmund.
Edmund is lightly wounded.
Unknown command.
Unknown command.
Casting: Foxfire (safe; 2% risk of failure)
Press: ? - help, Q - select action, (/) - cycle Dir - look around, f - activate You conjure some foxfire!
The foxfire hits Edmund but does no damage.
Edmund is lightly wounded.
The foxfire hits Edmund.
Edmund is lightly wounded.
Casting: Foxfire (safe; 2% risk of failure)
Press: ? - help, Q - select action, (/) - cycle Dir - look around, f - activate You conjure some foxfire!
You hit Edmund but do no damage.
Edmund is lightly wounded.
The foxfire hits Edmund.
Edmund is moderately wounded.
The foxfire hits Edmund.
Edmund is moderately wounded.
Edmund hits you with a +3 flail of distortion!
Space bends around you.
Your magical contamination has completely faded away.
Casting: Foxfire (safe; 2% risk of failure)
Press: ? - help, Q - select action, (/) - cycle Dir - look around, f - activate You conjure some foxfire!
Edmund hits you with a +3 flail of distortion.
Space warps horribly around you!!
Ouch! That really hurt!
You die...

#.# #....# #.# #.#
###..# #.# #.# #..# #.#
#.# #..# #.# #.# ...#
#.# #.# ###.# #.# #.#
###.# #.#
########.#######v#..(...
#.#
......[........v@@......
################.#####.#
#... ####.. ..# .# #


You could see Edmund (ally target).

Vanquished Creatures
  The ghost of Nosferatu13666 the Sneak, an amateur SpEn (D:3)
  A hound (D:3)
  Terence (D:3)
  3 gnolls (D:3)
  An adder (D:2)
  An adder skeleton (D:2)
  A worm (D:2)
  4 ball pythons
  6 endoplasms
  2 giant cockroaches
  5 goblins
  7 hobgoblins
  7 jackals
  4 quokkas
  4 bats
  5 frilled lizards
  8 kobolds
  4 rats
65 creatures vanquished.

Vanquished Creatures (others)
  113 foxfires
113 creatures vanquished.

Grand Total: 178 creatures vanquished

Notes
Turn   | Place    | Note
-------+----------+-------------------------------------------
     0 | D:1      | Armakuni the Deep Elf Wanderer began the quest for the Orb.
     0 | D:1      | Armakuni set off with the following items: a +0 dagger, a
                  | +0 robe; and the following spells available to memorise:
                  | Foxfire, Sting, Ignite Poison, Conjure Flame, Inner Flame,
                  | Sticky Flame, Fireball
     0 | D:1      | Reached XP level 1. HP: 10/10 MP: 6/6
   159 | D:1      | Reached skill level 1 in Short Blades
   202 | D:1      | Reached XP level 2. HP: 16/16 MP: 8/8
   257 | D:1      | Reached skill level 1 in Fighting
   260 | D:1      | Learned a level 1 spell: Foxfire
   404 | D:1      | Reached skill level 1 in Conjurations
   628 | D:2      | Reached XP level 3. HP: 18/20 MP: 5/9
   951 | D:2      | Found a faded altar of an unknown god.
  1459 | D:3      | Reached XP level 4. HP: 25/25 MP: 8/10
  1484 | D:3      | Noticed Nosferatu13666's ghost (amateur SpEn)
  1485 | D:3      | Found a runed translucent door.
  1531 | D:3      | Found a shimmering blue altar of Sif Muna.
  1729 | D:3      | Learned a level 4 spell: Sticky Flame
  1968 | D:3      | Noticed Terence
  2009 | D:3      | Killed Terence
  2010 | D:3      | Reached XP level 5. HP: 9/29 MP: 5/11
  2060 | D:3      | Learned a level 5 spell: Fireball
  2425 | D:3      | Killed Nosferatu13666's ghost
  2514 | D:4      | Noticed Edmund
  2524 | D:4      | Mangled by Edmund

Illustrated notes

Levels and vault maps discovered:
D:1:      dpeg_arrival_shrine, layout_rooms
D:2:      layout_basic, shapermc_ecumenical_altar_starsandcircs
D:3:      layout_loops_corners, led_sif_pool, hellmonk_ghost_happy_afterlife,
          uniq_terence
D:4:      layout_basic, uniq_robin, uniq_edmund

Skill      XL: |  1  2  3  4 |
---------------+-------------+-----
Short Blades   | 1 |  1.2
Fighting       | 1 |  1.0
Conjurations   | 2 3 4 |  4.5
Fire Magic     | 4 |  4.6
Throwing       | |  1.0
Stealth        | |  1.2
Spellcasting   | |  3.0
Poison Magic   | |  3.2

Action                   |  1- 3 |  4- 6 || total
-------------------------+-------+-------++-------
Melee: Dagger            |    47 |       ||    47
       Short sword       |    25 |    32 ||    57
Throw: Stone             |    14 |       ||    14
       Dart              |    22 |       ||    22
 Cast: Foxfire           |    40 |    27 ||    67
  Use: Scroll            |     5 |     2 ||     7
       Potion            |     1 |       ||     1
 Stab: Sleeping          |       |     3 ||     3
Armor: Robe              |     8 |     6 ||    14
Dodge: Dodged            |    37 |    14 ||    51

Table legend: (Time is in decaauts)
 A = Elapsed time spent in this place.
 B = Non-inter-level travel time spent in this place.
 C = Inter-level travel time spent in this place.
 D = Time resting spent in this place.
 E = Time spent auto-exploring this place.
 F = Levels seen in this place.
 G = Mean time per level.
                   A        B        C        D        E       F      G
               +--------+--------+--------+--------+--------+-----+--------+
         Total |   2523 |   2452 |     71 |    235 |   1470 |   4 |  630.8 |
       Dungeon |   2523 |   2452 |     71 |    235 |   1470 |   4 |  630.8 |
               +--------+--------+--------+--------+--------+-----+--------+

Top non-repeatable levels by time:
     D:3: 1178 daAuts
     D:2: 733 daAuts
     D:1: 556 daAuts
     D:4: 56 daAuts
